 Dungeon Crawl Stone Soup version 0.28-a0-1032-ga8db75c868 (webtiles) character file.

Game seed: 5233787372141569613

96421 witty6 the Executioner (level 15, -12/150 HPs)
             Began as a Minotaur Berserker on Dec 7, 2021.
             Was a High Priest of Trog.
             Mangled by an orc warrior (30 damage)
             ... on level 2 of the Orcish Mines.
             The game lasted 02:35:30 (19824 turns).

witty6 the Executioner (Minotaur Berserker)        Turns: 19824, Time: 02:35:30

Health: -12/150    AC: 24    Str: 23    XL:     15   Next: 69%
Magic:  14/14      EV: 12    Int:  6    God:    Trog [*****.]
Gold:   2270       SH:  0    Dex: 14    Spells: 14/14 levels left

rFire   + . .      SeeInvis .   g - +4 executioner's axe (elec)
rCold   . . .      Faith    .   (shield currently unavailable)
rNeg    . . .      Spirit   .   z - +4 plate armour {rF+}
rPois   .          Reflect  .   (helmet restricted)
rElec   .          Harm     .   n - +0 cloak
rCorr   .          Rampage  .   c - +0 pair of gloves
Will    +....      Clarity  +   w - +1 pair of boots
Stlth   ..........              (no amulet)
HPRegen 1.15/turn               h - +4 ring of evasion
MPRegen 0.14/turn               q - ring of flight

@: on berserk cooldown, flying, slowed, unable to read, very slow
A: horns 2, retaliatory headbutt, clarity, regeneration 1, inability to read
while threatened
a: Renounce Religion, Berserk, Trog's Hand, Brothers in Arms


You were on level 2 of the Orcish Mines.
You worshipped Trog.
Trog was extremely pleased with you.
You visited 4 branches of the dungeon, and saw 24 of its levels.

You collected 2472 gold pieces.
You spent 202 gold pieces at shops.

Inventory:

Hand Weapons
 g - a +4 executioner's axe of electrocution (weapon)
 p - the +5 shortbow "Murmur" {flame, Fragile rPois Dex+5 Stlth+}
   (You found it on level 14 of the Dungeon)

   Any ammunition fired from it burns those it strikes, dealing additional fire
   damage.
   Dex:       It affects your dexterity (+5).
   rPois:     It protects you from poison.
   Fragile:   It will be destroyed if unequipped.
   Stlth:     It makes you more stealthy.
 C - a +5 great sword of freezing
 G - a +2 great mace of protection
 L - a +4 dire flail
 M - a +2 hunting sling of freezing
 R - the +14 hand axe of Dishonesty {vorpal, rC++ Dex-4 SInv}
   (Trog gifted it to you on level 3 of the Lair of Beasts)

   It inflicts extra damage upon your enemies.
   Dex:       It affects your dexterity (-4).
   rC:        It greatly protects you from cold.
   SInv:      It lets you see invisible.
 W - the +7 broad axe "Fyf Xyst" {distort, Dex+4}
   (You found it on level 14 of the Dungeon)

   It warps and distorts space around it, and may blink, banish, or inflict
   extra damage upon those it strikes.
   Unwielding it can cause banishment or high damage.
   Dex:       It affects your dexterity (+4).
 X - a +4 spear of venom
Missiles
 j - a throwing net
 o - 15 boomerangs
 y - 25 poisoned darts (quivered)
 J - 4 javelins
 N - 85 sling bullets
 P - a curare-tipped dart
Armour
 c - a +0 pair of gloves (worn)
 l - a +3 leather armour
 n - a +0 cloak (worn)
 w - a +1 pair of boots (worn)
 z - a +4 plate armour of fire resistance (worn)
 Q - a +2 chain mail of cold resistance
Jewellery
 b - a ring of resist corrosion
 h - a +4 ring of evasion (left hand)
 k - a ring of ice
 q - a ring of flight (right hand)
 u - a +6 ring of intelligence
 K - a ring of poison resistance
 U - a ring of protection from fire
Wands
 s - a wand of mindburst (26)
 x - a wand of digging (11)
 D - a wand of flame (29)
 H - a wand of acid (20)
 T - a wand of iceblast (8)
 Z - a wand of paralysis (16)
Scrolls
 d - 7 scrolls of blinking
 t - 7 scrolls of fear
 A - 5 scrolls of amnesia
 E - 6 scrolls of teleportation
 O - 4 scrolls of magic mapping
 Y - 2 scrolls of fog
Potions
 a - a potion of might
 e - 8 potions of curing
 f - a potion of degeneration {unknown}
 i - 3 potions of haste
 m - a potion of cancellation
 r - a potion of flight
 v - 5 potions of lignification
 B - 2 potions of magic
 F - a potion of heal wounds
 I - 2 potions of resistance
 V - 2 potions of invisibility {unknown}
Miscellaneous
 S - a phial of floods


   Skills:
 * Level 18.7 Fighting
 + Level 1.4 Long Blades
 - Level 23.7(24.0) Axes
 + Level 6.5(16.9) Maces & Flails
 + Level 4.6 Throwing
 - Level 10.2 Armour
 + Level 4.1 Dodging
 + Level 3.2 Stealth
 + Level 0.1 Unarmed Combat
 + Level 1.1 Evocations


You had 14 spell levels left.
You didn't know any spells.
Your spell library was empty.

Dungeon Overview and Level Annotations

Branches:
Dungeon (15/15)            Temple (0/1) D:4            Lair (6/6) D:9
  Swamp (0/4) Lair:3        Snake (0/4) Lair:3        Slime (0/5) Lair:6
    Orc (2/2) D:12            Elf (0/3) Orc:2        Vaults (0/5) D:13
 Depths (1/4) D:15

Altars:
Fedhas
Nemelex Xobeh
Qazlal
Ru
Sif Muna
Vehumet
Wu Jian
Yredelemnul
Beogh

Shops:
D:5 *   D:6 (   D:10 **   D:15 ([(:[   Orc:1 *

Annotations:
D:12 3 runed translucent doors, xoxolimbo's ghost, journeyman DsIE


Innate Abilities, Weirdness & Mutations

You have a pair of horns on your head.
You reflexively headbutt those who attack you in melee.
You possess an exceptional clarity of mind.
Your natural rate of healing is unusually fast.
You sometimes lose the ability to read scrolls when taking damage.


Message History

You slice the orc priest!!
You kill the orc priest!
Trog accepts your kill.
You hear the brisk rumble of a distant avalanche of rocks.
The orc warrior closely misses you.
The orc warrior hits you with a +0 halberd. x2
Things that are here:
a +0 long sword; a +0 plate armour; an orc corpse You hit the orc warrior but do no damage.
Lightning courses through the orc warrior!
You headbutt the orc warrior, but do no damage.
The orc warrior is moderately wounded.
You hit the orc warlord but do no damage.
The orc warrior misses you.
You closely miss the orc warlord.
The orc warrior hits you from afar with a +0 halberd!
You feel threatened and lose the ability to read scrolls!
You slash the orc warlord!
The orc warlord is lightly wounded.
The orc warlord hits you with a +0 great sword!!
* * * LOW HITPOINT WARNING * * *
The orc warrior barely misses you.
You slice the orc warlord!! You headbutt the orc warlord.
The orc warlord is heavily wounded.
The orc warlord hits you with a +0 great sword!
* * * LOW HITPOINT WARNING * * *
The orc warrior hits you but does no damage.
The orc warlord hits you with a +0 great sword!
* * * LOW HITPOINT WARNING * * *
You feel much better. The orc warrior misses you.
The orc warlord hits you but does no damage.
You slice the orc warlord!!
Lightning courses through the orc warlord!!
The orc warlord is almost dead.
The orc warrior throws a boomerang.
The boomerang barely misses you.
The orc warlord hits you with a +0 great sword!
* * * LOW HITPOINT WARNING * * *
Your ogre goes berserk!
The orc warrior hits you from afar with a +0 halberd!!
You die...

...#.....#... ...........
###.........###
8.............8
................
........o.......
...............
8.....o@)O....8
###...).)...###
#....)))....#
#...#.))).#...# ... #)))..#
... .. #8.).8# .. .
#)))..### .
#######).)..#.#####.......
##....#..).................


You could see an orc warlord, an orc warrior (strong, ally target) and a
friendly ogre (summoned, berserk).

Vanquished Creatures
  Jorgrun (Orc:1)
  Kirke (Lair:5)
  A fire giant (shapeshifter) (D:15)
  An orc warlord (Orc:1)
  A frost giant (D:14)
  An ettin (D:14)
  A fire dragon (Lair:6)
  A rakshasa (D:15)
  2 vault guards (D:13)
  3 boulder beetles
  A great orb of eyes (D:15)
  7 hydras
  2 centaur warriors (D:13)
  6 two-headed ogres
  13 death yaks
  An orc high priest (Orc:2)
  A tengu warrior (D:13)
  Nergalle (D:12)
  A skeletal warrior (D:13)
  2 wizards
  4 orc knights (Orc:2)
  3 lindwurms
  20 ugly things
  4 deep elf pyromancers
  2 orc sorcerers (Orc:2)
  9 elephants (Lair:5)
  15 cyclopes
  Joseph (D:9)
  2 molten gargoyles (Lair:6)
  8 black mambas
  7 cane toads
  2 gargoyles (D:12)
  An eye of devastation (shapeshifter) (D:15)
  A torpor snail (Lair:3)
  Maggie (D:6)
  2 unseen horrors (D:12)
  9 komodo dragons
  2 rime drakes (Lair:6)
  A freezing wraith (D:14)
  A tengu conjurer (D:13)
  4 trolls
  A polar bear (shapeshifter) (D:15)
  3 polar bears
  A jumping spider (shapeshifter) (D:15)
  A wind drake (shapeshifter) (D:15)
  Grinder (D:4)
  A meliai zombie (D:11)
  5 slime creatures (D:15)
  16 blink frogs
  21 flying skulls (D:13)
  A centaur simulacrum (D:15)
  A shadow (D:11)
  20 yaks
  A water elemental (D:12)
  6 basilisks
  2 wraiths
  17 wyverns
  21 humans (D:13)
  Eustachio (D:5)
  5 hogs (Lair:5)
  Grum (D:9)
  6 steam dragons
  6 vampire mosquitoes
  10 wargs
  Menkaure (D:6)
  2 acid dragons
  18 water moccasins
  3 hell hounds (Lair:6)
  A hornet zombie (D:7)
  24 orc warriors
  2 sky beasts
  A black bear (D:7)
  6 ogres
  4 boggarts (D:15)
  8 wolves
  2 kobold brigands
  6 bullfrogs
  5 gnoll sergeants
  3 scorpions
  A wyvern skeleton (D:7)
  3 water moccasin skeletons (D:5)
  6 killer bees (D:10)
  A howler monkey (D:9)
  7 wights
  3 electric eels
  5 lava snakes (Lair:6)
  3 centaur zombies
  13 orc priests
  2 jellies (D:6)
  A bullfrog skeleton (D:7)
  A hound (D:5)
  Crazy Yiuf (D:3)
  2 iguanas
  Terence (D:2)
  13 orc wizards
  9 hell rats
  A hound skeleton (D:5)
  Robin (D:3)
  A howler monkey skeleton (D:7)
  A howler monkey zombie (D:5)
  13 gnolls
  6 adders
  An ufetubus (D:4)
  An adder skeleton (D:4)
  2 worms
  5 dart slugs
  38 orcs
  7 bats
  3 endoplasms
  7 giant cockroaches
  11 goblins
  10 hobgoblins
  A quokka (D:1)
  3 ball pythons
  3 frilled lizards (D:1)
  8 kobolds
  2 rats
  A bush (Lair:4)
  A plant (Lair:5)
580 creatures vanquished.

Vanquished Creatures (others)
  A hell rat (Lair:4)
  26 fungi
  34 plants
61 creatures vanquished.

Grand Total: 641 creatures vanquished

Notes
Turn   | Place    | Note
-------+----------+-------------------------------------------
     0 | D:1      | witty6 the Minotaur Berserker began the quest for the Orb.
     0 | D:1      | Reached XP level 1. HP: 19/19 MP: 0/0
   368 | D:1      | Reached skill level 4 in Axes
   431 | D:1      | Reached XP level 2. HP: 26/26 MP: 1/1
   802 | D:1      | Found a faded altar of an unknown god.
  1265 | D:3      | Reached XP level 3. HP: 33/33 MP: 2/2
  1834 | D:2      | Reached skill level 5 in Axes
  1954 | D:2      | Noticed Terence
  1959 | D:2      | Killed Terence
  1960 | D:2      | Reached XP level 4. HP: 40/40 MP: 3/3
  2272 | D:3      | Reached ** piety under Trog
  2519 | D:3      | Reached XP level 5. HP: 46/46 MP: 4/4
  2846 | D:3      | Found a runed translucent door.
  2847 | D:3      | Noticed Crazy Yiuf
  2854 | D:3      | Killed Crazy Yiuf
  2855 | D:3      | Reached skill level 6 in Axes
  2914 | D:3      | Noticed Robin
  2925 | D:3      | Killed Robin
  3252 | D:3      | Found a sparkling altar of Nemelex Xobeh.
  3572 | D:4      | Noticed Grinder
  3588 | D:4      | Killed Grinder
  3589 | D:4      | Reached skill level 7 in Axes
  3589 | D:4      | Reached XP level 6. HP: 42/53 MP: 5/5
  3667 | D:4      | Reached skill level 8 in Axes
  3760 | D:4      | Found a staircase to the Ecumenical Temple.
  3856 | D:5      | Entered Level 5 of the Dungeon
  3861 | D:5      | Reached XP level 7. HP: 60/60 MP: 6/6
  4247 | D:5      | Noticed Eustachio
  4256 | D:5      | Killed Eustachio
  4257 | D:5      | Reached skill level 9 in Axes
  4277 | D:5      | Reached skill level 5 in Armour
  4385 | D:5      | Reached skill level 5 in Fighting
  4385 | D:5      | Reached XP level 8. HP: 68/68 MP: 7/7
  4438 | D:5      | Found Pugen's Assorted Antiques.
  4516 | D:5      | Reached skill level 10 in Axes
  4548 | D:6      | Noticed Maggie
  4567 | D:6      | Killed Maggie
  4568 | D:6      | Reached skill level 1 in Throwing
  4764 | D:6      | Noticed Menkaure
  4772 | D:6      | Killed Menkaure
  4773 | D:6      | Reached skill level 11 in Axes
  4832 | D:6      | Found Humn's Antique Weapon Boutique.
  5539 | D:7      | Reached XP level 9. HP: 75/75 MP: 8/8
  5546 | D:7      | Reached skill level 12 in Axes
  5679 | D:7      | Found a sacrificial altar of Ru.
  6110 | D:8      | Reached skill level 13 in Axes
  6126 | D:8      | Reached skill level 1 in Stealth
  6131 | D:8      | Reached *** piety under Trog
  6134 | D:8      | Found a blossoming altar of Fedhas.
  6323 | D:7      | Found a stormy altar of Qazlal.
  6857 | D:8      | Noticed a two-headed ogre
  6862 | D:8      | Killed a two-headed ogre
  6863 | D:8      | Reached skill level 14 in Axes
  6897 | D:8      | Reached XP level 10. HP: 84/84 MP: 9/9
  7407 | D:9      | Found a basalt altar of Yredelemnul.
  7407 | D:9      | Found an ornate altar of the Wu Jian Council.
  7581 | D:9      | Found a staircase to the Lair.
  7594 | D:9      | Noticed an eight-headed hydra
  7602 | D:9      | Noticed Joseph
  7604 | D:9      | Killed an eight-headed hydra
  7605 | D:9      | Reached skill level 15 in Axes
  7614 | D:9      | Reached skill level 1 in Maces & Flails
  7624 | D:9      | Killed Joseph
  7911 | D:9      | Noticed Grum
  7917 | D:9      | Reached skill level 1 in Evocations
  7920 | D:9      | Killed Grum
  8040 | D:10     | Entered Level 10 of the Dungeon
  8469 | D:9      | Found a radiant altar of Vehumet.
  8581 | D:10     | Found Japog's CLEARANCE SALE!.
  8588 | D:10     | Bought a potion of flight for 3 gold pieces
  8588 | D:10     | Bought a scroll of fear for 3 gold pieces
  8594 | D:10     | Noticed a two-headed ogre
  8608 | D:10     | Killed a two-headed ogre
  8622 | D:10     | Noticed a two-headed ogre
  8629 | D:10     | Killed a two-headed ogre
  8630 | D:10     | Reached XP level 11. HP: 58/94 MP: 10/10
  8630 | D:10     | Gained mutation: You possess an exceptional clarity of
                  | mind. [potion of mutation]
  8630 | D:10     | Gained mutation: You sometimes lose the ability to read
                  | scrolls when taking damage. [potion of mutation]
  8630 | D:10     | Gained mutation: Your natural rate of healing is unusually
                  | fast. [potion of mutation]
  8733 | D:10     | Found a shimmering blue altar of Sif Muna.
  8775 | D:11     | Reached skill level 16 in Axes
  8780 | D:11     | Reached **** piety under Trog
  8883 | D:10     | Found Votweos's General Store.
  8890 | D:10     | Bought a potion of haste for 140 gold pieces
  8890 | D:10     | Bought 2 scrolls of identify for 56 gold pieces
  9125 | D:12     | Found a runed translucent gate.
  9125 | D:12     | Found a runed translucent gate.
  9125 | D:12     | Found a runed translucent gate.
  9166 | D:11     | Identified the +9 quarterstaff of Profit {drain, rN+}
  9166 | D:11     | Noticed a deep elf pyromancer
  9168 | D:11     | Noticed a two-headed ogre
  9172 | D:11     | Killed a deep elf pyromancer
  9176 | D:11     | Killed a two-headed ogre
  9564 | D:11     | Noticed a two-headed ogre
  9570 | D:11     | Killed a two-headed ogre
  9571 | D:11     | Reached skill level 17 in Axes
  9764 | D:12     | Noticed Nergalle
  9773 | D:12     | Noticed a spectral orc warlord
  9774 | D:12     | Killed Nergalle
  9913 | D:12     | Noticed a brown ugly thing
  9920 | D:12     | Killed a brown ugly thing
  9952 | D:12     | Noticed a deep elf pyromancer
  9955 | D:12     | Killed a deep elf pyromancer
 10243 | D:12     | Reached skill level 18 in Axes
 10319 | D:12     | Found a staircase to the Orcish Mines.
 10406 | D:12     | Reached skill level 10 in Armour
 10415 | D:12     | Reached XP level 12. HP: 101/104 MP: 11/11
 10603 | D:12     | Noticed xoxolimbo's ghost (journeyman DsIE)
 10728 | D:13     | Reached skill level 10 in Fighting
 10739 | D:13     | Found the +3 giant club "Skullcrusher" {speed, Str+7}
 10746 | D:13     | Noticed a centaur warrior
 10990 | D:13     | Killed a centaur warrior
 11136 | D:13     | Reached ***** piety under Trog
 11194 | D:13     | Found a gate to the Vaults.
 11194 | D:13     | Noticed a vault guard
 11194 | D:13     | Noticed a vault guard
 11208 | D:13     | Killed a vault guard
 11215 | D:13     | Killed a vault guard
 11259 | D:13     | Noticed a centaur warrior
 11260 | D:13     | Noticed a tengu warrior
 11269 | D:13     | Killed a centaur warrior
 11281 | D:13     | Killed a tengu warrior
 11282 | D:13     | Reached XP level 13. HP: 122/122 MP: 12/12
 11526 | D:15     | Entered Level 15 of the Dungeon
 11649 | D:14     | Found a stormy altar of Qazlal.
 11718 | D:14     | Identified a scroll of acquirement
 11718 | D:14     | Acquired a +4 executioner's axe of electrocution
 11733 | D:14     | Reached skill level 19 in Axes
 11733 | D:14     | Noticed an ettin
 11741 | D:14     | Killed an ettin
 12336 | D:14     | Reached skill level 20 in Axes
 12664 | D:14     | Noticed a frost giant
 12678 | D:14     | Killed a frost giant
 12705 | D:14     | Identified the +9 whip of Conflict {antimagic, rPois Will-
                  | Str+3}
 12707 | D:14     | Identified the +5 shortbow "Murmur" {flame, Fragile rPois
                  | Dex+5 Stlth+}
 12709 | D:14     | Identified the +7 broad axe "Fyf Xyst" {distort, Dex+4}
 12911 | D:15     | Found Ytaylek's Antique Weapon Emporium.
 12920 | D:15     | Reached skill level 15 in Fighting
 13027 | D:15     | Found Muufej's Book Shop.
 13122 | D:15     | Found Nauss's Antique Weapon Shop.
 13128 | D:15     | Reached skill level 21 in Axes
 13139 | D:15     | Found Inty's Armour Emporium.
 13183 | D:15     | Reached XP level 14. HP: 127/135 MP: 13/13
 13245 | D:15     | Found a staircase to the Depths.
 13255 | Depths:1 | Entered Level 1 of the Depths
 13354 | D:15     | Found Vaudgh's Antique Armour Shop.
 13360 | D:15     | Noticed a shadow dragon
 13416 | D:15     | Noticed a fire giant
 13426 | D:15     | Killed a fire giant
 13642 | Lair:1   | Entered Level 1 of the Lair of Beasts
 15115 | Lair:3   | Found a staircase to the Snake Pit.
 15153 | Lair:3   | Identified the +14 hand axe of Dishonesty {vorpal, rC++
                  | Dex-4 SInv} (Trog gifted it to you on level 3 of the Lair
                  | of Beasts)
 15153 | Lair:3   | Received a gift from Trog
 15178 | Lair:3   | Found a staircase to the Swamp.
 15233 | Lair:3   | Reached skill level 22 in Axes
 16031 | Lair:4   | Reached skill level 5 in Maces & Flails
 17014 | Lair:5   | Received a gift from Trog
 17024 | Lair:5   | Reached skill level 23 in Axes
 17039 | Lair:6   | Entered Level 6 of the Lair of Beasts
 17193 | Lair:5   | Reached XP level 15. HP: 146/146 MP: 14/14
 17526 | Lair:5   | Noticed Kirke
 17540 | Lair:5   | Killed Kirke
 17963 | Lair:6   | Found a large runed translucent door.
 17964 | Lair:6   | Found a large runed translucent door.
 18050 | Lair:6   | Reached skill level 1 in Long Blades
 18223 | Lair:6   | Found a staircase to the Slime Pits.
 19137 | Orc:1    | Entered Level 1 of the Orcish Mines
 19137 | Orc:1    | Noticed an orc warlord
 19146 | Orc:1    | Killed an orc warlord
 19258 | Orc:1    | Found Ywuudgh's Overcharged Wands.
 19284 | Orc:1    | Noticed Jorgrun
 19300 | Orc:1    | Killed Jorgrun
 19550 | Orc:2    | Entered Level 2 of the Orcish Mines
 19726 | Orc:2    | Found a staircase to the Elven Halls.
 19811 | Orc:2    | Noticed an orc warlord
 19824 | Orc:2    | Mangled by an orc warrior

Illustrated notes

Levels and vault maps discovered:
D:1:      dpeg_arrival_another_circle, layout_basic, basic_ecumenical_altar
D:2:      layout_loops_corners, uniq_terence
D:3:      layout_basic, mainiacjoe_overflow_alcove_1, uniq_crazy_yiuf_cottage,
          uniq_robin
D:4:      layout_basic, minmay_temple_entry_offerings,
          nicolae_ossuary_entry_monument, grunt_ministairs_11, uniq_grinder
D:5:      minmay_thinvault, layout_cave_pods, gammafunk_ghost_mausoleum,
          serial_shops, nicolae_square_shop, uniq_eustachio, uniq_blork_the_orc
D:6:      layout_basic, serial_shops, nicolae_shop_overgrown_old_shop,
          uniq_maggie, uniq_menkaure
D:7:      layout_basic, lemuel_doored_altar, nicolae_ru_sacrificial_ziggurat
D:8:      layout_loops_ring, fedhas_altar_1
D:9:      layout_irregular_city, amethyst_overflow_temple_binary,
          marbit_many_paths, erik_lair_orcish_takeover,
          chequers_serial_rivers_room_b, uniq_joseph, uniq_grum
D:10:     layout_rooms, general_overflow_altar, serial_shops, shop,
          nicolae_shop_clearance
D:11:     layout_roguey
D:12:     layout_irregular_city, kennysheep_orc_monster_closet_entryway,
          gauntlet_entry_generic, gammafunk_ghost_necromancy, serial_bayou,
          serial_bayou_shore_b, serial_bayou_pond_c, serial_bayou_pond_a,
          serial_bayou_pond_b, serial_bayou_pond_d, uniq_nergalle
D:13:     layout_irregular_city, grunt_vaults_entry_tiered,
          minmay_guarded_unrand_skullcrusher
D:14:     giant_chief_lemuel, layout_layer_cave, minmay_misc_feat_rows,
          nicolae_qazlal_scattered_showers
D:15:     gammafunk_enter_depths_forms, layout_basic, serial_shops, shop,
          nicolae_shop_stone, nicolae_shop_stone, shop_fountains, shop_fountains
Lair:1:   layout_regular_city, serial_bayou_shore_b
Lair:2:   layout_roguey, lemuel_fruit_tree
Lair:3:   layout_regular_city, swamp_mist, dummy_snake_entry, st_stairs_4,
          nicolae_lair_lindhole, infiniplex_staircase_pool, serial_bayou_shore_b
Lair:4:   layout_cave_pods, beast_lair_carwin_7, grunt_megastairs_1
Lair:5:   layout_gridlike, uniq_kirke
Lair:6:   cheibrodos_lair_end_hotspot, layout_cave_pods, slime_dummy,
          chequers_serial_rivers_micro_e, dreamdust_deal_with_the_devil
Orc:1:    layout_caves, portal_ice_cave_demonic_guard,
          nicolae_shop_overcharged_wands, uniq_jorgrun
Orc:2:    grunt_orc_cross, layout_diamond_mine, nicolae_volcano_entry_s_turn,
          nicolae_orc_sculptors_studio
Depths:1: gammafunk_dig_for_victory, layout_small_grid, xom_redecorated,
          pf_vacation_house_of_asmodeus, nicolae_gozag_conspicuous_consumption,
          serial_bayou_shore_b

Skill      XL: |  1  2  3  4  5  6  7  8  9 10 11 12 13 14 15 |
---------------+----------------------------------------------+-----
Axes           | 4 5 7 8 9 11 14 15 18 21 23 | 23.7
Fighting       | 4 5 6 7 9 13 15 16 18 | 18.7
Armour         | 3 4 5 6 7 8 10 | 10.2
Dodging        | 3 4 |  4.1
Throwing       | 1 2 3 4 |  4.6
Stealth        | 1 2 3 |  3.2
Maces & Flails | 4 5 6 |  6.5
Evocations     | 1 |  1.1
Long Blades    | 1 |  1.4
Unarmed Combat | |  0.1

Action                   |  1- 3 |  4- 6 |  7- 9 | 10-12 | 13-15 || total
-------------------------+-------+-------+-------+-------+-------++-------
Melee: Hand axe          |    86 |    11 |       |       |       ||    97
       Headbutt          |    15 |    11 |    43 |    80 |   168 ||   317
       Broad axe         |       |    68 |   194 |   368 |    15 ||   645
       Unarmed           |       |     2 |       |       |       ||     2
       Great mace        |       |       |       |    17 |    58 ||    75
       Punch             |       |       |       |     2 |       ||     2
       Executioner's axe |       |       |       |       |   653 ||   653
       Great sword       |       |       |       |       |     4 ||     4
Throw: Boomerang         |       |     2 |    20 |    22 |       ||    44
       Dart              |       |       |       |       |    20 ||    20
Invok: Berserk           |     2 |     5 |     8 |    11 |    26 ||    52
       Trog's Hand       |       |     2 |     4 |     5 |     4 ||    15
       Brothers in Arms  |       |       |       |       |     1 ||     1
Evoke: Wand              |       |       |       |     6 |     3 ||     9
  Use: Scroll            |       |       |     7 |    14 |     9 ||    30
       Potion            |       |       |       |     3 |     3 ||     6
 Stab: Distracted        |       |       |       |     3 |       ||     3
Armor: Animal skin       |    13 |       |       |       |       ||    13
       Chain mail        |    19 |    47 |    90 |     5 |       ||   161
       Plate armour      |       |       |       |   188 |   327 ||   515
Dodge: Dodged            |    43 |    30 |    60 |   217 |   334 ||   684

Table legend: (Time is in decaauts)
 A = Elapsed time spent in this place.
 B = Non-inter-level travel time spent in this place.
 C = Inter-level travel time spent in this place.
 D = Time resting spent in this place.
 E = Time spent auto-exploring this place.
 F = Levels seen in this place.
 G = Mean time per level.
                   A        B        C        D        E       F      G
               +--------+--------+--------+--------+--------+-----+--------+
         Total |  20111 |  19398 |    713 |   1039 |  13746 |  24 |  838.0 |
       Dungeon |  14001 |  13551 |    450 |    943 |   9260 |  15 |  933.4 |
          Lair |   5436 |   5173 |    263 |     95 |   4053 |   6 |  906.0 |
  Orcish Mines |    671 |    671 |      0 |      0 |    433 |   2 |  335.5 |
        Depths |      1 |      1 |      0 |      0 |      0 |   1 |    1.0 |
               +--------+--------+--------+--------+--------+-----+--------+

Top non-repeatable levels by time:
    D:14: 1502 daAuts
  Lair:6: 1370 daAuts
     D:9: 1298 daAuts
     D:3: 1238 daAuts
     D:2: 1137 daAuts
     D:7: 1114 daAuts
     D:1: 1100 daAuts
  Lair:4: 1022 daAuts
    D:12: 1005 daAuts
     D:6: 1002 daAuts
  Lair:3: 884 daAuts
    D:13: 879 daAuts
  Lair:1: 799 daAuts
  Lair:2: 729 daAuts
     D:5: 705 daAuts
